 Seeded DCSS version 0.30.1-9-gdf580d7c3d (webtiles) character file.

Game seed: 6351066067085065685 (custom seed)

780 Esekla the Thaumaturge (level 7, -4/36 HPs)
             Began as a Deep Elf Wanderer on Oct 10, 2023.
             Was a Believer of Vehumet.
             Killed from afar by a white imp (9 damage)
             ... with a puff of frost
             ... on level 6 of the Dungeon.
             The game lasted 00:30:23 (4635 turns).

Esekla the Thaumaturge (Deep Elf Wanderer)          Turns: 4635, Time: 00:30:23

Health: -4/36      AC:  4    Str: 11    XL:     7   Next: 55%
Magic:  8/20       EV: 12    Int: 20    God:    Vehumet [**....]
Gold:   314        SH:  4    Dex: 11    Spells: 11/22 levels left

rFire   . . .        a - +2 dagger (vamp)
rCold   . . .        d - +0 buckler
rNeg    . . .        c - +0 robe
rPois   .            k - +0 helmet
rElec   .            (no cloak)
rCorr   .            j - +0 pair of gloves
SInv    .            (no boots)
Will    .....        A - amulet of magic regeneration
Stlth   ++           (no ring)
HPRegen 0.26/turn    (no ring)
MPRegen 0.57/turn

%: no passive effects
@: no status effects
A: no striking features
a: Renounce Religion


You were on level 6 of the Dungeon.
You worshipped Vehumet.
Vehumet was pleased with you.
You visited 1 branch of the dungeon, and saw 6 of its levels.

You collected 314 gold pieces.

Inventory:

Hand Weapons
 a - a +2 vampiric dagger (weapon)
 r - a +0 trident
 s - the +5 rapier of the Hero {heavy, rN+ Dex+3}
   (You found it on level 3 of the Dungeon)

   Dex:       It affects your dexterity (+3).
   rN:        It protects you from negative energy.
Missiles
 u - 9 poisoned darts (quivered)
Armour
 c - a +0 robe (worn)
 d - a +0 buckler (worn)
 j - a +0 pair of gloves (worn)
 k - a +0 helmet (worn)
Jewellery
 A - an amulet of magic regeneration (around neck)
Wands
 p - a wand of roots (16)
 C - a wand of flame (15)
Scrolls
 g - 6 scrolls of identify {unknown}
 m - a scroll of enchant armour {unknown}
 n - 2 scrolls of amnesia {unknown}
 o - a scroll of immolation {unknown}
 v - 2 scrolls of fog {unknown}
 w - 2 scrolls of blinking {unknown}
 x - 3 scrolls of enchant weapon {unknown}
 y - a scroll of silence {unknown}
 z - a scroll of magic mapping {unknown}
 B - 2 scrolls of fear
 D - a scroll of summoning {unknown}
Potions
 b - 2 potions of lignification
 e - a potion of ambrosia {unknown}
 f - 5 potions of curing {unknown}
 h - a potion of heal wounds {unknown}
 i - 3 potions of attraction {unknown}
 l - a potion of mutation {unknown}
 q - a potion of haste {unknown}
 t - 3 potions of brilliance {unknown}


   Skills:
 + Level 2.1 Short Blades
 + Level 0.6 Throwing
 * Level 3.1 Dodging
 + Level 2.1 Stealth
 + Level 1.8 Shields
 * Level 8.4 Spellcasting
 + Level 1.5 Conjurations
 * Level 4.2 Necromancy
 + Level 3.2 Translocations
 + Level 1.0 Invocations


You had 11 spell levels left.
You knew the following spells:

 Your Spells              Type           Power      Damage    Failure   Level
a - Magic Dart            Conj           56%        1d5       6%          1
b - Blink                 Tloc           42%        N/A       4%          2
d - Vampiric Draining     Necr           25%        2d7       6%          3
e - Shock                 Conj/Air       44%        1d5       9%          1
p - Apportation           Tloc           42%        N/A       3%          1
t - Teleport Other        Tloc           21%        N/A       10%         3

Your spell library contained the following spells:

 Spells                   Type           Power      Damage    Failure   Level
 Lesser Beckoning         Tloc           42%        N/A       4%          2
 Gell's Gravitas          Tloc           21%        N/A       10%         3
 Ignite Poison            Fire/Tmut/Pois 8%         N/A       34%         3
 Spider Form              Tmut/Pois      8%         N/A       34%         3
 Cause Fear               Hex            4%         N/A       75%         4
 Summon Mana Viper        Hex/Summ       8%         N/A       97%         5


Dungeon Overview and Level Annotations

Branches:
Dungeon (6/15)             Temple (0/1) D:6

Altars:
Dithmenos
Hepliaklqana
Okawaru
Qazlal
Trog
Vehumet
Zin
The Shining One

Shops:
D:2 =   D:4 (

Annotations:
D:2 black bear


Message History

You hit the white imp.
The white imp is moderately wounded.
The white imp gestures at you. The puff of frost hits you.
Your magical contamination has completely faded away.
You hit the white imp but do no damage.
The white imp is moderately wounded.
The white imp closely misses you.
You hit the white imp.
The white imp is severely wounded.
The orc hits you with a +0 hand axe. The white imp closely misses you.
Casting: Vampiric Draining (dangerous; 6% risk of failure)
Confirm with . or Enter, or press ? or * to list all spells.
Aiming: Vampiric Draining (dangerous; 6% risk of failure)
Press: ? - help, Shift-Dir - straight line, f - orc
Aim: an orc, wielding a +0 hand axe You draw life force from the orc!
You kill the orc!
Vehumet accepts your kill.
You feel life coursing into your body.
The white imp hits you but does no damage.
You hit the white imp but do no damage.
The white imp is severely wounded.
The white imp gestures at you. The puff of frost hits you!
* * * LOW HITPOINT WARNING * * *
You closely miss the white imp.
The white imp is severely wounded.
The white imp barely misses you.
You hit the white imp but do no damage.
The white imp is severely wounded.
You block the white imp's attack.
You barely miss the white imp.
The white imp is severely wounded.
You block the white imp's attack.
You closely miss the white imp.
The white imp is severely wounded.
The white imp gestures at you. The puff of frost hits you!
You die...

.....
...####
#.....# #
#.....###.#
#.........
#......####
#<.o......#
###5#####.
#@#
#...))..#
#.#...#.# #
..... ..
.......
....... ...
.!.$..
#........
.. ..Y...
#.........
. #...^
#..........
#...#


You could see a white imp and an orc.

Vanquished Creatures
  Blork the orc (D:6)
  2 scorpions (D:5)
  5 hounds
  A jelly (D:6)
  A sleepcap (D:5)
  4 iguanas
  12 gnolls
  8 adders
  2 white imps
  An ufetubus (D:6)
  A worm (D:4)
  3 dart slugs
  10 orcs
  4 endoplasms
  8 goblins
  5 hobgoblins
  A quokka (D:1)
  6 ball pythons
  4 bats
  4 frilled lizards
  5 kobolds
  A rat (D:2)
89 creatures vanquished.

Notes
Turn   | Place    | Note
-------+----------+-------------------------------------------
     0 | D:1      | Esekla the Deep Elf Wanderer began the quest for the Orb.
     0 | D:1      | Esekla set off with the following items: a +0 club, a
                  | potion of lignification, a +0 robe, a +0 buckler; and the
                  | following spells available to memorise: Apportation, Blink,
                  | Lesser Beckoning, Magic Dart, Ignite Poison, Vampiric
                  | Draining.
     0 | D:1      | Reached XP level 1. HP: 10/10 MP: 7/7
     2 | D:1      | Learned a level 1 spell: Magic Dart
     4 | D:1      | Learned a level 1 spell: Apportation
   507 | D:4      | Found a radiant altar of Vehumet.
   515 | D:4      | Found an iron altar of Okawaru.
   526 | D:4      | Found a glowing silver altar of Zin.
   606 | D:4      | Became a worshipper of Vehumet
   798 | D:3      | Reached skill level 5 in Spellcasting
   874 | D:3      | Reached XP level 2. HP: 15/15 MP: 5/10
   877 | D:3      | Learned a level 2 spell: Blink
  1077 | D:3      | Identified the +5 rapier of the Hero {heavy, rN+ Dex+3}
                  | (You found it on level 3 of the Dungeon)
  1102 | D:2      | Found Renulab's Jewellery Shop.
  1436 | D:1      | Reached XP level 3. HP: 19/19 MP: 11/11
  1476 | D:1      | Reached skill level 1 in Dodging
  1503 | D:1      | Reached * piety under Vehumet
  1503 | D:1      | Offered knowledge of Sandblast by Vehumet.
  1653 | D:2      | Learned a level 3 spell: Teleport Other
  1657 | D:2      | Learned a level 3 spell: Vampiric Draining
  1910 | D:3      | Found a stormy altar of Qazlal.
  1946 | D:3      | Found a hazy altar of Hepliaklqana.
  1948 | D:3      | Found a bloodstained altar of Trog.
  1980 | D:3      | Reached skill level 6 in Spellcasting
  2010 | D:3      | Reached skill level 1 in Necromancy
  2010 | D:3      | Reached XP level 4. HP: 21/24 MP: 14/14
  2143 | D:3      | Reached skill level 1 in Short Blades
  2346 | D:2      | Found a faded altar of an unknown god.
  2556 | D:2      | Noticed a black bear
  2566 | D:1      | Reached XP level 5. HP: 25/28 MP: 5/16
  2610 | D:2      | Reached skill level 1 in Conjurations
  2864 | D:4      | Found Ponaysk's Antique Weapon Boutique.
  2978 | D:4      | Found a glowing golden altar of the Shining One.
  3230 | D:5      | Entered Level 5 of the Dungeon
  3233 | D:5      | Got the Parchment of the Lumpy Olives
  3253 | D:5      | Found a shadowy altar of Dithmenos.
  3336 | D:5      | Reached skill level 7 in Spellcasting
  3372 | D:5      | Reached XP level 6. HP: 24/32 MP: 15/18
  3560 | D:6      | Found a staircase to the Ecumenical Temple.
  3640 | D:6      | Noticed a sky beast
  3715 | D:6      | Offered knowledge of Shock by Vehumet.
  3726 | D:6      | Learned a level 1 spell: Shock
  3732 | D:6      | Noticed an ice beast
  3811 | D:5      | Reached ** piety under Vehumet
  3886 | D:5      | Reached skill level 8 in Spellcasting
  3886 | D:5      | Reached XP level 7. HP: 28/36 MP: 17/20
  4607 | D:6      | Noticed Blork the orc
  4625 | D:6      | Killed Blork the orc
  4635 | D:6      | Killed from afar by a white imp

Illustrated notes

Levels and vault maps discovered:
D:1:      sevenhm_arrival_forest_fort_small_3, layout_rooms,
          chequers_serial_rivers_room_b, minmay_misc_feat_five
D:2:      layout_loops_ring, dreamdust_ecumenical_altar_angels_and_demons,
          serial_shops, shop
D:3:      layout_basic, grunt_temple_overflow_open, minmay_misc_feat_iff
D:4:      layout_basic, nicolae_overflow_quartered_altars, serial_shops,
          nicolae_diamond_shop
D:5:      layout_loops_ring, lemuel_doored_altar, minmay_misc_feat_rows,
          dreamdust_wishing_well
D:6:      layout_loops_cross, fedhas_altar_fruit_tree,
          minmay_temple_entry_glass, uniq_pikel, uniq_blork_the_orc

Skill      XL: |  1  2  3  4  5  6  7 |
---------------+----------------------+-----
Spellcasting   | 5 6 7 8 |  8.4
Dodging        | 1 2 3 |  3.1
Necromancy     | 1 2 3 4 |  4.2
Short Blades   | 1 2 |  2.1
Conjurations   | 1 |  1.5
Stealth        | 2 |  2.1
Translocations | 3 |  3.2
Throwing       | |  0.6
Shields        | |  1.8
Invocations    | |  1.0

Action                     |  1- 3 |  4- 6 |  7- 9 || total
---------------------------+-------+-------+-------++-------
  Melee: Short sword       |    14 |       |       ||    14
         Rapier            |    33 |    49 |    29 ||   111
         Dagger            |       |       |    32 ||    32
  Throw: Dart              |       |     8 |       ||     8
   Cast: Magic Dart        |    50 |    20 |    19 ||    89
         Apportation       |    33 |    15 |    10 ||    58
         Blink             |     1 |     1 |       ||     2
         Vampiric Draining |       |    15 |     9 ||    24
         Teleport Other    |       |     2 |       ||     2
         Shock             |       |       |     3 ||     3
    Use: Scroll            |     1 |       |       ||     1
   Stab: Sleeping          |     4 |     2 |     1 ||     7
 Armour: Robe              |    20 |    10 |    14 ||    44
  Dodge: Dodged            |    84 |    43 |    63 ||   190
  Block: Buckler           |    23 |    13 |    12 ||    48
